 Dungeon Crawl Stone Soup version 0.20-a0-454-g2b43fbb (webtiles) character file.

1790484 Iskender the Acrobat (level 27, 224/224 HPs)
             Began as a Mummy Artificer on Jan 4, 2017.
             Was an Initiate of Gozag.
             Escaped with the Orb
             ... and 3 runes on Jan 9, 2017!
             The game lasted 08:33:47 (62082 turns).

Iskender the Acrobat (Mummy Artificer)             Turns: 62082, Time: 08:33:48

Health: 224/224    AC: 34    Str: 22    XL:     27
Magic:  36/36      EV: 20    Int: 15    God:    Gozag
Gold:   469        SH: 26    Dex: 36    Spells: 25/35 levels left

rFire  . . .     SeeInvis +     a - +9 rapier "Empa" {speed, rC+}
rCold  + . .     Gourm    .     O - +8 orange crystal plate armour {Archmagi, Int+3 Clar}
rNeg   + + +     Faith    .     A - +4 shield of the Moon {rC- Regen+ Dex+8 Stlth+}
rPois  ∞         Spirit   .     U - +2 helmet {SInv}
rElec  .         Reflect  +     C - +1 cloak of the Guild-Master {Dex+4}
rCorr  .         Harm     .     B - +2 pair of gloves
MR     ++++.     Clarity  +     P - +2 pair of boots {run}
Stlth  +.........               M - +6 amulet of reflection
                                f - ring of the Octopus King {rF+ AC+1 EV+1 Str+1 Int+1 Dex+1}
                                Y - ring of Uhyi {MR+ Str+4 Slay+4}

@: very slightly contaminated, quick
A: no food or potions, fire vulnerability, cold resistance 1, negative energy
resistance 3, torment resistance, unbreathing, in touch with death 2
0: Orb of Zot
}: 3/15 runes: serpentine, barnacled, silver
a: Potion Petition, Call Merchant, Bribe Branch, Renounce Religion


You escaped.
You worshipped Gozag.
Gozag was aware of your devotion.
You were not hungry.

You visited 10 branches of the dungeon, and saw 50 of its levels.
You also visited: Labyrinth, Ice Cave and Wizlab.

You collected 33003 gold pieces.
You spent 20134 gold pieces at shops.
You paid 12400 gold pieces to Gozag.

Inventory:

Hand Weapons
 a - the +9 rapier "Empa" (weapon) {speed, rC+}
   (You found it on level 4 of the Dungeon)

   Attacks with this weapon are significantly faster.
   It protects you from cold.
 q - the +4 arc blade {discharge, rElec}
   (You took it off a wight on level 14 of the Dungeon)

   It insulates you from electricity.
 y - a +0 long sword
 E - a +2 antimagic rapier
Missiles
 x - 7 throwing nets (quivered) {!f}
Armour
 r - the +8 scale mail of Pegruroq {rF+}
   (You bought it in a shop on level 2 of the Vaults)

   It protects you from fire.
 A - the +4 shield of the Moon (worn) {rC- Regen+ Dex+8 Stlth+}
   (You took it off Asterion on level 1 of the Snake Pit)

   It affects your dexterity (+8).
   It makes you vulnerable to cold.
   It increases your rate of regeneration.
   It makes you more stealthy.
 B - a +2 pair of gloves (worn)
 C - the +1 cloak of the Guild-Master (worn) {Dex+4}
   (You bought it in a shop on level 3 of the Depths)

   It affects your dexterity (+4).
 O - the +8 orange crystal plate armour (worn) {Archmagi, Int+3 Clar}
   (You bought it in a shop on level 1 of the Dungeon)

   It affects your intelligence (+3).
   It protects you against confusion.
 P - a +2 pair of boots of running (worn)
 U - a +2 helmet of see invisible (worn)
Jewellery
 c - an uncursed ring of resist corrosion
 e - the ring of Shaolin {EV+8}
   (You bought it in a shop on level 4 of the Snake Pit)

   [ring of evasion]

   It affects your evasion (+8).
 f - a ring of the Octopus King (right hand) {rF+ AC+1 EV+1 Str+1 Int+1 Dex+1}
   (You bought it in a shop on level 4 of the Snake Pit)

   [ring of protection from fire]

   It affects your AC (+1).
   It affects your evasion (+1).
   It affects your strength (+1).
   It affects your intelligence (+1).
   It affects your dexterity (+1).
   It protects you from fire.
 h - an uncursed ring of ice
 n - an uncursed ring of fire
 w - an uncursed ring of wizardry
 F - an uncursed ring of flight
 I - the amulet of Vitality {Regen+ HP+15}
   (You bought it in a shop on level 5 of the Lair of Beasts)

   [amulet of regeneration]

   It affects your health (+15).
   It increases your rate of regeneration.
 M - a +6 amulet of reflection (around neck)
 R - an uncursed ring of protection from magic
 S - a +4 ring of slaying
 Y - the ring of Uhyi (left hand) {MR+ Str+4 Slay+4}
   (You bought it in a shop on level 4 of the Snake Pit)

   [ring of slaying]

   It affects your strength (+4).
   It affects your accuracy and damage with ranged weapons and melee attacks
   (+4).
   It affects your resistance to hostile enchantments.
Wands
 d - a wand of lightning (4/15)
 j - a wand of confusion (17/48)
 p - a wand of paralysis (9/24)
 s - a wand of lightning (12/15)
 t - a wand of digging (20/24)
 D - a wand of enslavement (12/24)
 N - a wand of confusion (27/48)
 Q - a wand of polymorph (9/24)
 T - a wand of confusion (32/48)
 X - a wand of paralysis (10/24)
Scrolls
 b - 4 scrolls of vulnerability
 i - 2 scrolls of summoning
 k - 4 scrolls of remove curse
 l - 2 scrolls of identify
 m - 5 scrolls of teleportation
 o - 6 scrolls of recharging
 v - 4 scrolls of blinking
 G - 7 scrolls of fog
 H - 5 scrolls of fear
 J - a scroll of enchant armour
 W - a scroll of silence
Miscellaneous
 g - a lamp of fire
 u - a phial of floods
 z - a phantom mirror
 K - a lamp of fire
 L - a sack of spiders
 V - a lightning rod (4/4)
 Z - a lamp of fire


   Skills:
 - Level 20.1 Fighting
 - Level 14.0 Short Blades
   Level 1.7 Polearms
   Level 3.3 Slings
 + Level 21.0 Dodging
 - Level 16.5 Stealth
 - Level 15.0 Shields
 - Level 4.9 Spellcasting
 - Level 2.7 Summonings
 - Level 1.0 Translocations
 - Level 4.3 Air Magic
 - Level 19.3 Evocations


You had 25 spell levels left.
You knew the following spells:

 Your Spells              Type           Power        Failure   Level  Hunger
b - Summon Butterflies    Summ           ###.....     100%        1    N/A
i - Call Canine Familiar  Summ           ###.....     100%        3    N/A
r - Repel Missiles        Chrm/Air       ###...       100%        2    N/A
s - Swiftness             Chrm/Air       ###.....     100%        2    N/A
A - Apportation           Tloc           ##........   100%        1    N/A
Z - Summon Small Mammal   Summ           ###.         100%        1    N/A

Dungeon Overview and Level Annotations

Branches:
Dungeon (15/15)            Temple (1/1) D:5            Lair (6/6) D:10
 Shoals (4/4) Lair:3        Snake (4/4) Lair:3        Slime (0/5) Lair:5
    Orc (2/2) D:11            Elf (0/3) Orc:2        Vaults (5/5) D:14
  Crypt (3/3) Vaults:2       Tomb (0/3) Crypt:3      Depths (5/5) D:15
    Zot (5/5) Depths:5

Altars:
Ashenzari
Cheibriados
Dithmenos
Elyvilon
Fedhas
Gozag
Hepliaklqana
Kikubaaqudgha
Makhleb
Nemelex Xobeh
Okawaru
Qazlal
Ru
Sif Muna
Trog
Uskayaw
Vehumet
Xom
Yredelemnul
Zin
The Shining One
Beogh
Jiyva

Shops:
D:1 [   D:5 %?   D:8 ?   D:12 }(!   Orc:2 =[*(   Lair:5 =   Shoals:1 :
Snake:3 (   Snake:4 =   Vaults:2 [}   Vaults:3 [   Vaults:5 [}??!}
Depths:1 *?[(}%   Depths:3 [   Depths:4 :

Portals:
Hell: Depths:1 Depths:2 Depths:3 Depths:4 Depths:5
Abyss: Depths:4
Pandemonium: Depths:3 Depths:5
Ziggurat: Depths:1

Annotations:
D:4 lupus83's ghost, novice GrEE
D:13 fly
D:14 exclusion: Roxanne, Roxanne
Lair:2 exclusion: oklob plant
Shoals:2 exclusion: oklob plant
Depths:3 2 runed doors
Depths:5 Mennas
Zot:5 exclusion: orange crystal statue


Innate Abilities, Weirdness & Mutations

You do not eat or drink.
Your flesh is vulnerable to fire.
You are immune to poison.
Your flesh is cold resistant. (rC+)
You are immune to negative energy. (rN+++)
You are immune to unholy pain and torment.
You can survive without breathing.
You are strongly in touch with the powers of death.


Message History

You finish taking off the +8 scale mail of Pegruroq {rF+}.
You start putting on your armour.
You continue putting on the +8 orange crystal plate armour {Archmagi, Int+3 Clar}. x5
You finish putting on the +8 orange crystal plate armour {Archmagi, Int+3 Clar}.
You feel powerful.
Wear which item? (? for menu, Esc to quit)
You start putting on your armour.
You continue putting on the +1 cloak of the Guild-Master {Dex+4}. x4
You finish putting on the +1 cloak of the Guild-Master {Dex+4}.
You can't go down here!
You have escaped!

######.#........#.......#
######.#........#.......#
.......#...##########...#
####...#...#....'...#...#
#.....#...#....#...#...#
#.#.###...#....#...#...#
#.#.# #...#....###'###'#
#.#.# #'###'#####$.#...#
#.#.# #...#...#@'∩.#...#
#.#.# #...#...###.##...#
#.#.# #...#.....#......#
##.#.# #...#.....#......#
...#.# #...#.....'......#
####.# #...###########.##
#.# #.........# ##.## #.#
#.........### ##.########
####.# #.........'.#
#..........


There were no monsters in sight!

Vanquished Creatures
  3 orbs of fire (Zot:5)
  Mara (Vaults:5)
  A juggernaut (Depths:5)
  Sojobo (Depths:1)
  Boris (Depths:3)
  The ghost of lupus83 the Executioner, a veteran HOFi of Beogh (Vaults:5)
  A pandemonium lord (D:4)
  The ghost of RumaTero the Middleweight Champion, a legendary VSMo of Dithmenos (Zot:5)
  Margery (Depths:3)
  Frederick (Depths:5)
  4 Killer Klowns (Zot:5)
  2 curse toes (Zot:5)
  A caustic shrike (Depths:4)
  5 golden dragons
  A bone dragon (Crypt:3)
  Jory (Depths:5)
  A profane servitor (Crypt:3)
  2 electric golems (Zot:5)
  14 tentacled monstrosities
  A Hell Sentinel (Zot:3)
  Asterion (Snake:1)
  25 Orb Guardians (Zot:5)
  4 titans
  7 liches
  4 quicksilver dragons
  A sphinx (Depths:1)
  3 acid blobs (Depths:4)
  A death cob (Zot:5)
  8 ancient champions
  The ghost of nago the Fighter, an adept DgAr (Snake:2)
  15 nagarajas
  10 storm dragons
  5 shadow dragons
  8 tengu reavers
  2 draconian monks
  Ilsuiw (Shoals:4)
  An azure jelly (Depths:4)
  Donald (Shoals:1)
  A revenant (Crypt:2)
  2 iron dragons (Vaults:5)
  5 fire giants
  11 frost giants
  18 vault wardens
  A curse skull (Crypt:3)
  2 draconian knights
  A deep elf elementalist (Vaults:5)
  Aizul (Vaults:1)
  3 deep elf sorcerers
  3 draconian shifters
  A ghost moth (Zot:5)
  2 draconian scorchers
  26 very ugly things
  2 ghouls
  An angel (Depths:1)
  4 draconian annihilators
  A draconian stormcaller (Zot:5)
  24 ironheart preservers
  A reaper (D:4)
  2 spriggan defenders (Depths:4)
  27 stone giants
  Nessos (Orc:2)
  An entropy weaver (Vaults:3)
  A caustic shrike skeleton (Depths:3)
  7 vampire knights
  2 deep elf demonologists
  13 green draconians
  2 white draconians (Zot:5)
  4 black draconians
  A deep elf annihilator (Vaults:3)
  A spark wasp (shapeshifter) (Vaults:5)
  2 lorocyprocas
  6 eidola
  13 purple draconians
  7 yellow draconians
  2 red draconians
  4 merfolk javelineers
  9 statues (WizLab)
  2 mummy priests (Crypt:3)
  4 death oozes (Depths:4)
  10 merfolk impalers
  21 ettins
  Snorg (Orc:2)
  2 deep elf death magi
  A green death (Depths:5)
  11 jiangshi
  14 fire dragons
  2 minotaurs
  A quicksilver dragon zombie (Depths:3)
  Josephine (D:11)
  3 deep elf high priests (Vaults:5)
  13 great orbs of eyes
  A quicksilver dragon skeleton (Crypt:2)
  13 ogre magi
  34 vault guards
  2 catoblepae
  6 rakshasas
  A ghost crab (shapeshifter) (Vaults:2)
  11 ice dragons
  18 naga warriors
  A hell beast (Zot:5)
  15 yaktaur captains
  2 alligator snapping turtles
  8 hydras
  3 spriggan air magi
  The ghost of Gottschkopf the Nimble, a journeyman DECj of Vehumet (D:10)
  2 merfolk avatars
  16 centaur warriors
  2 satyrs (Shoals:4)
  2 merfolk aquamancers (Shoals:4)
  9 anacondas
  An anaconda (shapeshifter) (Depths:3)
  7 deep troll shamans
  8 death yaks (Lair:6)
  5 tengu warriors
  6 deep troll earth magi
  A titan zombie (Crypt:3)
  3 death knights
  44 two-headed ogres
  7 vampire magi
  A hellephant zombie (Crypt:2)
  16 naga sharpshooters
  Urug (D:14)
  An orc high priest (Orc:2)
  4 spriggan berserkers
  5 deep elf knights
  Sonja (D:12)
  6 shock serpents
  A spriggan (Depths:2)
  A titan skeleton (Depths:4)
  A soul eater (Zot:1)
  Nergalle (Orc:1)
  A sixfirhy (Zot:5)
  6 shadow wraiths
  2 iron trolls
  2 fire crabs (shapeshifter)
  3 hell knights
  4 unseen horrors
  21 skeletal warriors
  23 deep trolls
  A storm dragon skeleton (Depths:4)
  11 flayed ghosts
  A swamp dragon (Lair:6)
  6 glowing orange brains
  A spriggan druid (Depths:4)
  An infernal demonspawn (Depths:5)
  5 wizards
  24 orc knights
  14 sea snakes
  9 naga ritualists
  12 deep elf archers
  An obsidian statue (Vaults:3)
  25 harpies
  9 phantasmal warriors
  20 ironbrand convokers
  A golden dragon skeleton (Crypt:3)
  A harpy (shapeshifter) (Depths:1)
  A sphinx zombie (Depths:3)
  7 necromancers
  2 tengu zombies
  A wolf spider (shapeshifter) (Depths:4)
  A salamander (shapeshifter) (Depths:1)
  24 deep elf magi
  6 mana vipers
  7 wolf spiders
  A shadow dragon skeleton (Depths:3)
  5 orc sorcerers
  11 fauns
  A mana viper (shapeshifter) (Vaults:5)
  35 ugly things
  A sphinx skeleton (Crypt:1)
  2 wolf spider zombies
  7 salamanders
  6 elephants (Lair:3)
  11 manticores
  13 moths of wrath
  11 cyclopes
  A fire giant skeleton (Crypt:3)
  8 merfolk sirens
  11 vault sentinels
  16 naga magi
  A frost giant skeleton (Crypt:2)
  10 guardian serpents
  30 black mambas
  An ice statue (IceCv)
  A torpor snail (shapeshifter) (Vaults:5)
  9 water nymphs
  An iron dragon skeleton (Depths:4)
  A water nymph (shapeshifter) (Vaults:4)
  Joseph (D:9)
  3 stone giant skeletons
  Maurice (Orc:2)
  A gargoyle (D:14)
  A storm dragon simulacrum (Vaults:3)
  9 spiny frogs
  A green draconian zombie (Crypt:3)
  9 komodo dragons
  A titan simulacrum (Crypt:1)
  An elf skeleton (Depths:4)
  15 rime drakes (Lair:6)
  68 yaktaurs
  A yaktaur zombie (Vaults:3)
  3 efreet (D:14)
  An ice devil (Depths:5)
  17 freezing wraiths
  2 human skeletons
  A death yak skeleton (Crypt:2)
  A kobold demonologist (D:15)
  A grey draconian skeleton (Crypt:3)
  3 hellwings
  2 guardian mummies (Crypt:3)
  A red devil (Zot:3)
  3 tengu conjurers
  A polar bear (shapeshifter) (Depths:2)
  6 trolls
  A merfolk (shapeshifter) (Vaults:3)
  27 polar bears
  A jumping spider (Vaults:3)
  18 merfolk
  A tyrant leech (Shoals:3)
  5 wind drakes
  12 hippogriffs
  A wolf spider simulacrum (Crypt:3)
  5 hornets
  6 raiju
  11 snapping turtles
  A raiju (shapeshifter) (Vaults:4)
  28 slime creatures
  A dream sheep (shapeshifter) (Vaults:5)
  12 dream sheep
  A harpy skeleton (D:15)
  15 blink frogs
  An alligator zombie (Crypt:1)
  8 flying skulls
  A spriggan (shapeshifter) (Vaults:1)
  3 air elementals (Depths:3)
  3 ice dragon skeletons
  3 shadows
  3 ushabtiu (Crypt:3)
  17 water elementals
  42 yaks
  A wyvern (Lair:6)
  A hog (shapeshifter) (Vaults:4)
  6 basilisks
  16 wraiths
  A basilisk (shapeshifter) (Depths:2)
  6 steam dragons (Lair:6)
  A human (D:12)
  2 golden eyes (shapeshifter)
  A hungry ghost (D:8)
  A chaos spawn (Depths:5)
  13 vampire mosquitoes
  7 wargs
  A soldier ant (D:10)
  73 nagas
  3 acid dragons
  2 water nymph skeletons
  7 water moccasins
  A deep troll skeleton (Crypt:2)
  16 hell hounds (Lair:6)
  A hell hound (shapeshifter) (Depths:4)
  9 porcupines
  15 black bears
  A swamp dragon zombie (Crypt:1)
  A black bear (shapeshifter) (Vaults:5)
  3 floating eyes
  3 swamp drakes (Lair:6)
  3 phantoms
  5 ice beasts
  An ice beast (shapeshifter) (Depths:4)
  6 sky beasts
  41 orc warriors
  6 killer bees
  2 necrophages
  2 eyes of draining
  2 hornet zombies
  A black mamba simulacrum (Crypt:1)
  12 boggarts
  22 centaurs
  34 ogres
  31 wolves
  16 crocodiles
  An elf zombie (Crypt:2)
  A big kobold (D:14)
  17 bullfrogs
  6 scorpions
  A water moccasin skeleton (Crypt:1)
  2 elf simulacra
  24 wights
  A howler monkey (D:6)
  6 electric eels
  21 crimson imps
  4 centaur zombies
  2 quasits
  9 jellies
  36 orc priests
  2 bullfrog skeletons
  6 hounds
  9 centaur skeletons
  A demonspawn zombie (Crypt:1)
  An iron imp (Zot:2)
  9 iguanas
  A gnoll shaman (D:6)
  An iguana (shapeshifter) (Vaults:2)
  Ijyb (D:3)
  Natasha (D:2)
  36 orc wizards
  8 worker ants
  A killer bee zombie (D:7)
  A demigod zombie (Crypt:1)
  A felid zombie (Crypt:1)
  An ogre zombie (Crypt:1)
  A crocodile skeleton (Crypt:3)
  A big kobold skeleton (Crypt:2)
  A human simulacrum (Crypt:3)
  3 hound zombies
  A hound skeleton (D:12)
  A hell rat zombie (Crypt:3)
  A worker ant zombie (D:5)
  12 adders
  21 gnolls
  A scorpion zombie (Crypt:3)
  A shadow imp (Zot:5)
  2 white imps (D:12)
  3 oozes
  2 adder skeletons
  A halfling skeleton (Crypt:1)
  A worm (D:5)
  2 dart slugs
  5 leopard geckos
  120 orcs
  4 ball pythons
  2 giant cockroaches
  14 hobgoblins
  A jackal (D:1)
  3 quokkas
  9 bats
  3 frilled lizards
  4 goblins
  2 jackal zombies
  8 kobolds
  A leopard gecko skeleton (D:4)
  A quokka skeleton (D:7)
  A quokka zombie (D:9)
  7 rats
  A bush (Shoals:1)
  A plant (Lair:6)
2368 creatures vanquished.

Vanquished Creatures (collateral kills)
  An orc warlord (Orc:2)
  A black draconian (Zot:5)
  A purple draconian (Zot:5)
  A merfolk javelineer (Shoals:4)
  A vault guard (Vaults:2)
  A sea snake (Shoals:2)
  A harpy (Shoals:2)
  A guardian serpent (Snake:4)
  2 black mambas (Snake:4)
  2 naga magi (Snake:4)
  2 yaks (D:10)
  5 nagas
  A porcupine (D:10)
  2 orcs (D:8)
  A bat (D:2)
23 creatures vanquished.

Vanquished Creatures (others)
  2 stone giants
  An ironheart preserver (Vaults:5)
  A green draconian (Zot:5)
  3 yaktaur captains (Vaults:5)
  A hydra (D:13)
  An anaconda (Snake:1)
  3 dancing weapons (Vaults:5)
  A deep troll shaman (Vaults:5)
  An ogre mage (Depths:4)
  2 two-headed ogres (Depths:4)
  A skeletal warrior (Vaults:2)
  A naga mage (Snake:4)
  A deep elf mage (Vaults:5)
  13 yaktaurs
  A wind drake (Shoals:4)
  A raiju (D:15)
  A yak (D:14)
  2 nagas (Snake:4)
  An orc warrior (D:8)
  An ogre (Vaults:5)
  A centaur (Vaults:3)
  3 killer bees (D:7)
  An electric eel (D:13)
  An adder (D:2)
  An orc (D:4)
  A quokka (D:4)
  A bush (Shoals:1)
  16 fungi
  32 plants
96 creatures vanquished.

Grand Total: 2487 creatures vanquished

Notes
Turn   | Place    | Note
-------+----------+-------------------------------------------
     0 | D:1      | Iskender the Mummy Artificer began the quest for the Orb.
     0 | D:1      | Reached XP level 1. HP: 15/15 MP: 2/2
    86 | D:1      | Reached skill level 1 in Short Blades
   262 | D:1      | Reached XP level 2. HP: 18/21 MP: 3/3
   911 | D:1      | Reached XP level 3. HP: 20/26 MP: 4/4
  1635 | D:2      | Noticed Natasha
  1907 | D:2      | Killed Natasha
  1907 | D:2      | Reached XP level 4. HP: 14/32 MP: 5/5
  2999 | D:3      | Reached skill level 1 in Polearms
  3099 | D:3      | Noticed Ijyb
  3122 | D:3      | Killed Ijyb
  3144 | D:3      | Found a bloodstained altar of Trog.
  3157 | D:3      | Found a shattered altar of Ashenzari.
  3241 | D:4      | Noticed lupus83's ghost (novice GrEE)
  3273 | D:3      | Reached XP level 5. HP: 34/37 MP: 6/6
  3312 | D:4      | Found a white marble altar of Elyvilon.
  3374 | D:4      | Got an ancient rapier
  3375 | D:4      | Identified the +9 rapier "Empa" {speed, rC+} (You found it on level 4 of the Dungeon)
  3847 | D:4      | Reached XP level 6. HP: 41/43 MP: 7/7
  3995 | D:4      | Reached skill level 5 in Short Blades
  4125 | D:5      | Entered Level 5 of the Dungeon
  4170 | D:5      | Noticed a sky beast
  4173 | D:5      | Noticed an ice beast
  4177 | D:5      | Killed a sky beast
  4177 | D:5      | Reached XP level 7. HP: 46/48 MP: 8/8
  4484 | D:5      | Found Iliqekh's Magic Scroll Emporium.
  4502 | D:5      | Bought a scroll of fog for 24 gold pieces
  4502 | D:5      | Bought a scroll of identify for 24 gold pieces
  4502 | D:5      | Bought a scroll of identify for 24 gold pieces
  4502 | D:5      | Bought a scroll of magic mapping for 42 gold pieces
  4613 | D:5      | Found Isitho Icwi's Food Boutique.
  4622 | D:5      | Found a staircase to the Ecumenical Temple.
  4672 | Temple   | Entered the Ecumenical Temple
  4706 | Temple   | Became a worshipper of Gozag Ym Sagoz the Greedy
  4770 | D:5      | Reached XP level 8. HP: 50/54 MP: 9/9
  5422 | D:6      | Found a shimmering altar of Xom.
  5616 | D:5      | Bought a scroll of identify for 24 gold pieces
  5616 | D:5      | Bought a scroll of random uselessness for 12 gold pieces
  5616 | D:5      | Bought a scroll of remove curse for 36 gold pieces
  5619 | D:5      | Bought a scroll of noise for 12 gold pieces
  5619 | D:5      | Bought a scroll of fog for 24 gold pieces
  5619 | D:5      | Bought a scroll of fog for 24 gold pieces
  5941 | D:7      | Reached XP level 9. HP: 59/59 MP: 10/10
  5964 | D:7      | Reached skill level 10 in Short Blades
  6430 | D:7      | Found a stormy altar of Qazlal.
  6511 | D:7      | Found a shadowy altar of Dithmenos.
  6569 | D:8      | Found a blossoming altar of Fedhas.
  6689 | D:8      | Noticed a two-headed ogre
  6692 | D:8      | Noticed a two-headed ogre
  6696 | D:8      | Killed a two-headed ogre
  6719 | D:8      | Killed a two-headed ogre
  6719 | D:8      | Reached XP level 10. HP: 65/65 MP: 11/11
  7214 | D:8      | Noticed an unseen horror
  7220 | D:8      | Killed an unseen horror
  7287 | D:8      | Found Keuz's Magic Scroll Shop.
  7290 | D:8      | Bought a scroll of blinking for 112 gold pieces
  7293 | D:8      | Bought a scroll of enchant armour for 112 gold pieces
  8139 | D:9      | Noticed Joseph
  8314 | D:9      | Killed Joseph
  8448 | D:9      | Found a sparkling altar of Nemelex Xobeh.
  8495 | D:10     | Entered Level 10 of the Dungeon
  8501 | D:10     | Noticed Gottschkopf's ghost (journeyman DECj)
  8582 | D:10     | Reached XP level 11. HP: 62/70 MP: 12/12
  8686 | D:10     | Noticed a two-headed ogre
  8804 | D:9      | Killed a two-headed ogre
  9121 | D:10     | Noticed an unseen horror
  9136 | D:10     | Killed an unseen horror
  9136 | D:10     | Reached skill level 2 in Dodging
  9155 | D:10     | Noticed a two-headed ogre
  9165 | D:10     | Killed a two-headed ogre
  9165 | D:10     | Reached skill level 3 in Dodging
  9189 | D:10     | Reached skill level 4 in Dodging
  9357 | D:10     | Reached skill level 5 in Dodging
  9434 | D:10     | Reached skill level 1 in Stealth
  9730 | D:10     | Found a staircase to the Lair.
  9940 | Lair:1   | Entered Level 1 of the Lair of Beasts
 10026 | Lair:1   | Identified the Incunabulum of Harmful Cold
 10375 | Lair:1   | Reached skill level 6 in Dodging
 10461 | Lair:1   | Noticed a four-headed hydra
 10674 | Lair:1   | Reached skill level 1 in Slings
 10738 | Lair:1   | Killed a four-headed hydra
 10738 | Lair:1   | Reached XP level 12. HP: 37/76 MP: 14/14
 10965 | Lair:2   | Noticed a seven-headed hydra
 11248 | Lair:2   | Reached skill level 7 in Dodging
 11355 | Lair:2   | Noticed a five-headed hydra
 11725 | Lair:3   | Noticed a seven-headed hydra
 11756 | Lair:3   | Found a labyrinth entrance.
 11765 | Lab      | Entered a labyrinth
 11907 | Lab      | Noticed a minotaur
 11921 | Lab      | Killed a minotaur
 11926 | Lab      | Identified Theurgy Continued
 11927 | Lab      | Got a dazzling mace
 11929 | Lab      | Identified the +5 mace of the Disturbing Allies {venom, rC+ MR+ Stlth-} (You found it in a labyrinth)
 12089 | Lair:3   | Killed a seven-headed hydra
 12299 | Lair:3   | Noticed a five-headed hydra
 12306 | Lair:3   | Reached skill level 8 in Dodging
 12313 | Lair:3   | Killed a five-headed hydra
 12511 | Lair:3   | Found a staircase to the Snake Pit.
 12529 | Lair:3   | Found a staircase to the Shoals.
 12850 | Lair:4   | Reached skill level 9 in Dodging
 13028 | Lair:4   | Reached skill level 5 in Stealth
 13050 | Lair:4   | Noticed a seven-headed hydra
 13061 | Lair:4   | Killed a seven-headed hydra
 13765 | Lair:5   | Found a staircase to the Slime Pits.
 13765 | Lair:5   | Found a viscous altar of Jiyva.
 13776 | Lair:5   | Found a frozen archway.
 13785 | Lair:5   | Bought a +4 ring of slaying for 1170 gold pieces
 13785 | Lair:5   | Bought the amulet of Vitality {Regen+ HP+15} for 555 gold pieces
 13793 | IceCv    | Entered an ice cave
 13849 | IceCv    | Gained mutation: You are in touch with the powers of death. [Mummy growth]
 13849 | IceCv    | Reached XP level 13. HP: 81/81 MP: 15/15
 14077 | IceCv    | Reached skill level 5 in Evocations
 14197 | IceCv    | Noticed a frost giant
 14229 | IceCv    | Killed a frost giant
 14697 | Lair:5   | Bought a +4 ring of evasion for 540 gold pieces
 14964 | Lair:5   | Identified a scroll of acquirement
 14966 | Lair:5   | Got a pair of fine boots
 14973 | Lair:5   | Identified the -3 pair of boots of Goph {*Drain rCorr Stlth+} (You acquired it on level 5 of the Lair of Beasts)
 15248 | Lair:6   | Entered Level 6 of the Lair of Beasts
 15396 | Lair:6   | Reached skill level 10 in Dodging
 15697 | Lair:6   | Reached skill level 11 in Dodging
 15993 | Lair:6   | Reached XP level 14. HP: 88/88 MP: 18/18
 16296 | Lair:6   | Reached skill level 12 in Dodging
 16921 | Lair:6   | Reached skill level 5 in Fighting
 18461 | D:11     | Noticed Josephine
 18481 | D:11     | Killed Josephine
 18576 | D:11     | Found a staircase to the Orcish Mines.
 18836 | D:11     | Learned a level 1 spell: Apportation
 18838 | D:11     | Learned a level 1 spell: Summon Small Mammal
 19064 | Orc:1    | Entered Level 1 of the Orcish Mines
 19126 | Orc:1    | Noticed Nergalle
 19145 | Orc:1    | Killed Nergalle
 19427 | Orc:2    | Entered Level 2 of the Orcish Mines
 19555 | Orc:2    | Reached XP level 15. HP: 59/113 MP: 20/20
 19565 | Orc:2    | Noticed Snorg
 19666 | Orc:2    | Killed Snorg
 19866 | Orc:2    | Noticed Maurice
 19876 | Orc:2    | Killed Maurice
 19891 | Orc:2    | Found a staircase to the Elven Halls.
 19915 | Orc:2    | Noticed Nessos
 19922 | Orc:2    | Killed Nessos
 19989 | Orc:2    | Noticed an orc warlord
 20102 | Orc:2    | Paralysed by an orc sorcerer for 7 turns
 20323 | Orc:2    | Found a roughly hewn altar of Beogh.
 20407 | Orc:2    | Killed an orc warlord
 20417 | Orc:2    | Found Zybraga's Antique Armour Emporium.
 20430 | Orc:2    | Found Iwopleat's Antique Weapon Emporium.
 20439 | Orc:2    | Found Xarhice's General Store.
 20465 | Orc:2    | Found Seskuax's Jewellery Emporium.
 20577 | Orc:2    | Bought a citrine-studded scale mail for 243 gold pieces
 20613 | Orc:2    | Identified the +4 scale mail of Yredelemnul's Favour {rElec rN+ Regen+ Dex-4} (You bought it in a shop on level 2 of the Orcish Mines)
 20644 | Orc:2    | Bought a runed hunting sling for 232 gold pieces
 20648 | Orc:2    | Bought an iridescent war axe for 263 gold pieces
 20648 | Orc:2    | Identified the +12 war axe "Dazak" {flame, MR+} (You bought it in a shop on level 2 of the Orcish Mines)
 20649 | Orc:2    | Bought a polished broad axe for 279 gold pieces
 20649 | Orc:2    | Identified the cursed +3 broad axe of Expedience {chop, Int+4} (You bought it in a shop on level 2 of the Orcish Mines)
 20667 | Orc:2    | Bought a scroll of identify for 30 gold pieces
 20683 | Orc:2    | Bought an uncursed ring of protection from magic for 275 gold pieces
 20740 | D:12     | Bought a phial of floods for 600 gold pieces
 20740 | D:12     | Bought a wand of confusion (34/48) for 405 gold pieces
 20884 | D:12     | Found Mefop's Distillery.
 21022 | D:12     | Found Matyp's Weapon Boutique.
 21370 | D:12     | Noticed Sonja
 21377 | D:12     | Killed Sonja
 22045 | D:13     | Reached skill level 10 in Evocations
 22317 | D:14     | Noticed Roxanne
 22409 | D:14     | Noticed Urug
 22416 | D:14     | Killed Urug
 22561 | D:14     | Found a gate to the Vaults.
 22673 | D:14     | Found a hide-covered altar of Uskayaw.
 22831 | D:14     | Found a glowing silver altar of Zin.
 22890 | D:14     | Noticed a storm dragon
 22905 | D:14     | Killed a storm dragon
 22962 | D:14     | Learned a level 2 spell: Repel Missiles
 22965 | D:14     | Learned a level 2 spell: Swiftness
 23023 | D:14     | Reached skill level 1 in Air Magic
 23411 | D:15     | Entered Level 15 of the Dungeon
 23567 | D:15     | Reached skill level 1 in Shields
 23790 | D:15     | Reached XP level 16. HP: 117/120 MP: 24/24
 24154 | D:15     | Found a staircase to the Depths.
 25049 | Snake:1  | Entered Level 1 of the Snake Pit
 25458 | Snake:1  | Noticed Asterion
 25620 | Snake:2  | Got a bloodstained rapier
 25622 | Snake:2  | Identified the +6 rapier "Qaatraaf" {flame, *Corrode Str+6 Stlth+} (You found it on level 2 of the Snake Pit)
 26230 | Snake:2  | Noticed nago's ghost (adept DgAr)
 26266 | Snake:2  | Killed nago's ghost
 27085 | Snake:1  | HP: 1/135 [Asterion/fireball (34)]
 27180 | Shoals:1 | Entered Level 1 of the Shoals
 27214 | Shoals:1 | Reached skill level 1 in Translocations
 27394 | Orc:2    | Bought an uncursed ring of flight for 192 gold pieces
 27473 | D:10     | Killed Gottschkopf's ghost
 27624 | Shoals:1 | Noticed Donald
 27776 | Shoals:1 | Reached skill level 10 in Stealth
 27965 | Shoals:1 | Found Oxoocaatwa's Book Boutique.
 28180 | Shoals:1 | Got a dazzling animal skin
 28227 | Shoals:1 | Identified the cursed +0 animal skin "Buqucuv" {rC+ rCorr Str+4} (You found it on level 1 of the Shoals)
 28475 | Shoals:2 | Reached XP level 17. HP: 66/126 MP: 26/26
 28873 | Shoals:2 | Found a snail-covered altar of Cheibriados.
 29721 | Shoals:3 | Got a fine scale mail
 29723 | Shoals:3 | Identified the +1 scale mail of Meipsin {rC+ MP+9 Str+4} (You found it on level 3 of the Shoals)
 30120 | Shoals:1 | Killed Donald
 30342 | Snake:1  | Reached skill level 5 in Shields
 30759 | Snake:1  | Killed Asterion
 30762 | Snake:1  | Got a transparent shield
 30763 | Snake:1  | Identified the +4 shield of the Moon {rC- Regen+ Dex+8 Stlth+} (You took it off Asterion on level 1 of the Snake Pit)
 30958 | Snake:4  | Entered Level 4 of the Snake Pit
 31263 | Snake:4  | Found a radiant altar of Vehumet.
 32338 | Snake:4  | Bought the ring of Shaolin {EV+8} for 1536 gold pieces
 32338 | Snake:4  | Bought the ring of Uhyi {MR+ Str+4 Slay+4} for 1188 gold pieces
 32577 | Snake:4  | Upgraded the game from 0.20-a0-433-g9e36e56 to 0.20-a0-435-gf4ea4dd
 32598 | Snake:4  | Reached XP level 18. HP: 132/132 MP: 24/28
 32718 | Snake:4  | Reached skill level 10 in Shields
 32778 | Snake:4  | Got a serpentine rune of Zot
 33168 | Snake:4  | Bought a ring of the Octopus King {rF+ AC+1 EV+1 Str+1 Int+1 Dex+1} for 560 gold pieces
 33739 | Shoals:4 | Entered Level 4 of the Shoals
 34497 | Shoals:4 | Noticed Ilsuiw
 34600 | Shoals:4 | Killed Ilsuiw
 34991 | Shoals:4 | Got a barnacled rune of Zot
 35615 | Vaults:1 | Entered Level 1 of the Vaults
 35616 | Vaults:1 | Reached XP level 19. HP: 138/138 MP: 29/29
 36088 | Vaults:1 | Noticed Aizul
 36089 | Vaults:1 | Killed Aizul
 36689 | Vaults:1 | Reached skill level 15 in Shields
 36859 | Vaults:1 | Got an ancient lead amulet
 36866 | Vaults:1 | Identified the amulet of Farphaptu {Reflect Int+5 Dex-2 SH+4} (You found it on level 1 of the Vaults)
 37675 | Vaults:2 | Found a staircase to the Crypt.
 38067 | Vaults:2 | Found Totwaoff's Gadget Shop.
 38467 | Vaults:2 | Bought a shiny helmet for 304 gold pieces
 38480 | Vaults:2 | Bought a heavily runed scale mail for 261 gold pieces
 38495 | Vaults:2 | Identified the +8 scale mail of Pegruroq {rF+} (You bought it in a shop on level 2 of the Vaults)
 38498 | Vaults:2 | Bought a smoking plate armour for 812 gold pieces
 38511 | Vaults:2 | Identified the +10 plate armour "Sudidez" {Regen+} (You bought it in a shop on level 2 of the Vaults)
 38537 | Vaults:2 | Bought a heavily runed leather armour for 203 gold pieces
 38553 | Vaults:2 | Identified the cursed +1 leather armour "Yryreh" {Str+2} (You bought it in a shop on level 2 of the Vaults)
 38565 | Vaults:2 | Bought a distressingly furry robe for 165 gold pieces
 38574 | Vaults:2 | Identified the cursed +0 robe of Disappointment {*Corrode rPois Slay+6 Stlth-} (You bought it in a shop on level 2 of the Vaults)
 38586 | Vaults:2 | Bought a glowing helmet for 304 gold pieces
 38745 | Vaults:2 | Reached XP level 20. HP: 134/145 MP: 30/30
 38956 | Vaults:2 | Reached skill level 10 in Fighting
 39390 | Vaults:3 | Found Ticusul's Armour Boutique.
 40933 | Vaults:3 | Reached skill level 15 in Evocations
 42163 | Vaults:4 | Reached XP level 21. HP: 36/160 MP: 33/33
 42772 | Crypt:1  | Entered Level 1 of the Crypt
 43799 | Crypt:2  | Found a magical portal.
 43807 | WizLab   | Entered Iskenderun's Mystic Tower
 44440 | WizLab   | Identified Iskenderun's Collected Works on Battle Magic
 44440 | WizLab   | Identified Iskenderun's Disquisition on Damage Dealing
 45726 | Crypt:3  | Entered Level 3 of the Crypt
 46025 | Crypt:3  | Found a staircase to the Tomb.
 46177 | Crypt:3  | Reached skill level 15 in Stealth
 46331 | Crypt:3  | Reached XP level 22. HP: 161/167 MP: 34/34
 46743 | Crypt:3  | Found a basalt altar of Yredelemnul.
 46751 | Crypt:3  | Found an ancient bone altar of Kikubaaqudgha.
 46824 | Crypt:3  | Identified the Tome of Sinister Secrets
 46906 | Crypt:3  | Got a blackened great sword
 46926 | Crypt:3  | Got a translucent leather armour
 46937 | Crypt:3  | Identified the +4 leather armour of the Depths {Int+4} (You found it on level 3 of the Crypt)
 46962 | Crypt:3  | Identified the +9 great sword "Grum" {flame, MR+} (You found it on level 3 of the Crypt)
 47226 | Vaults:1 | Reached skill level 13 in Dodging
 47327 | Depths:1 | Entered Level 1 of the Depths
 47386 | Depths:1 | Found Poigg's Food Shop.
 47502 | Depths:1 | Found a gateway to Hell.
 47985 | Depths:1 | Found a gateway to a ziggurat.
 48077 | Depths:1 | Found Foeg's Magic Scroll Shoppe.
 48099 | Depths:1 | Bought a scroll of identify for 24 gold pieces
 48099 | Depths:1 | Bought a scroll of identify for 24 gold pieces
 48099 | Depths:1 | Bought a scroll of recharging for 114 gold pieces
 48099 | Depths:1 | Bought a scroll of magic mapping for 42 gold pieces
 48099 | Depths:1 | Bought a scroll of acquirement for 624 gold pieces
 48099 | Depths:1 | Bought a scroll of summoning for 114 gold pieces
 48099 | Depths:1 | Found Foeti's Antique Armour Shoppe.
 48170 | Depths:1 | Bought a scroll of blinking for 232 gold pieces
 48170 | Depths:1 | Bought a runed fluorescent amulet for 155 gold pieces
 48186 | Depths:1 | Bought a steaming plate armour for 924 gold pieces
 48202 | Depths:1 | Identified the +3 plate armour of the Sun {+Inv rElec rN++ Stlth-} (You bought it in a shop on level 1 of the Depths)
 48221 | Depths:1 | Found Aptiwk's Gadget Shop.
 48226 | Depths:1 | Noticed Sojobo
 48264 | Depths:1 | Killed Sojobo
 48333 | Depths:1 | Found Ruderum's Weapon Shop.
 49513 | Depths:3 | Found a runed door.
 49570 | Depths:3 | Noticed a golden dragon
 49574 | Depths:3 | Noticed a golden dragon
 49812 | Depths:4 | Found a one-way gate to the infinite horrors of the Abyss.
 49853 | Depths:4 | Found Batopsun's Book Shoppe.
 49917 | Depths:4 | Reached XP level 23. HP: 114/173 MP: 36/36
 50525 | Depths:4 | Reached skill level 14 in Dodging
 50824 | Depths:4 | Paralysed by a floating eye for 3 turns
 50865 | Depths:4 | Noticed a caustic shrike
 50896 | Depths:4 | Killed a caustic shrike
 51139 | Depths:4 | Upgraded the game from 0.20-a0-435-gf4ea4dd to 0.20-a0-441-g89e74e4
 51322 | Depths:3 | Reached skill level 15 in Dodging
 51425 | Depths:3 | Learned a level 1 spell: Summon Butterflies
 51429 | Depths:3 | Learned a level 3 spell: Call Canine Familiar
 51571 | Depths:3 | Noticed Boris
 51624 | Depths:3 | Killed Boris
 51944 | Depths:3 | Found a one-way gate leading to the halls of Pandemonium.
 52182 | Depths:3 | Noticed Margery
 52220 | Depths:3 | Killed Margery
 52220 | Depths:3 | Reached skill level 16 in Dodging
 52427 | Depths:3 | Bought a pair of embroidered boots for 378 gold pieces
 52437 | Depths:3 | Identified a +2 pair of boots of running (You bought it in a shop on level 3 of the Depths)
 52440 | Depths:3 | Bought an encrusted cloak for 342 gold pieces
 52451 | Depths:3 | Identified the +1 cloak of the Guild-Master {Dex+4} (You bought it in a shop on level 3 of the Depths)
 52453 | Depths:3 | Bought a brightly glowing leather armour for 252 gold pieces
 52457 | Depths:3 | Identified the +2 leather armour of the Scribe {rF+} (You bought it in a shop on level 3 of the Depths)
 52813 | Depths:3 | Found a runed door.
 52826 | Depths:3 | Found a runed door.
 52845 | Depths:3 | Found a runed door.
 52985 | Depths:5 | Entered Level 5 of the Depths
 52985 | Depths:5 | Noticed Mennas
 53034 | Depths:4 | Reached XP level 24. HP: 180/180 MP: 36/36
 53074 | Depths:5 | Noticed Frederick
 53211 | Depths:5 | Reached skill level 1 in Summonings
 53227 | Depths:5 | Killed Frederick
 53357 | Depths:5 | Reached skill level 1 in Spellcasting
 53518 | Depths:5 | Noticed a juggernaut
 53520 | Depths:5 | Upgraded the game from 0.20-a0-441-g89e74e4 to 0.20-a0-454-g2b43fbb
 53551 | Depths:5 | Killed a juggernaut
 53721 | Depths:5 | Noticed Jory
 53789 | Depths:5 | Killed Jory
 54503 | Vaults:5 | Entered Level 5 of the Vaults
 54591 | Vaults:5 | Reached skill level 15 in Fighting
 54608 | Vaults:5 | Noticed lupus83's ghost (veteran HOFi)
 54797 | Vaults:5 | Killed lupus83's ghost
 55034 | Vaults:5 | Found Vaeck's Distillery.
 55042 | Vaults:5 | Found Takiatso's Magic Scroll Shoppe.
 55091 | Vaults:5 | Bought a scroll of teleportation for 48 gold pieces
 55091 | Vaults:5 | Bought a scroll of fear for 56 gold pieces
 55091 | Vaults:5 | Bought a scroll of blinking for 120 gold pieces
 55091 | Vaults:5 | Bought a scroll of vulnerability for 120 gold pieces
 55091 | Vaults:5 | Bought a scroll of magic mapping for 56 gold pieces
 55093 | Vaults:5 | Bought a scroll of identify for 32 gold pieces
 55093 | Vaults:5 | Bought a scroll of identify for 32 gold pieces
 55093 | Vaults:5 | Bought a scroll of identify for 32 gold pieces
 55144 | Vaults:5 | Found Liucwuah's Magic Scroll Emporium.
 55150 | Vaults:5 | Bought a scroll of fear for 77 gold pieces
 55169 | Vaults:5 | Noticed Mara
 55184 | Vaults:5 | Noticed Iskender's illusion
 55259 | Vaults:5 | Killed Mara
 55402 | Vaults:5 | Reached XP level 25. HP: 195/201 MP: 36/36
 56014 | Vaults:5 | Found Keow's Gadget Shoppe.
 56021 | Vaults:5 | Found Usisedac's Antique Armour Boutique.
 56550 | Vaults:5 | Found Roes's Gadget Shop.
 56567 | Vaults:5 | Got a silver rune of Zot
 58417 | Depths:5 | Found a gate to the Realm of Zot.
 58447 | Zot:1    | Entered Level 1 of the Realm of Zot
 58818 | Zot:2    | Reached skill level 17 in Dodging
 59181 | Zot:5    | Entered Level 5 of the Realm of Zot
 59407 | Zot:5    | Gained mutation: You are strongly in touch with the powers of death. [Mummy growth]
 59407 | Zot:5    | Reached XP level 26. HP: 105/218 MP: 36/36
 59644 | Zot:5    | Reached skill level 18 in Dodging
 59733 | Zot:5    | Noticed RumaTero's ghost (legendary VSMo)
 59774 | Zot:5    | Killed RumaTero's ghost
 60084 | Zot:5    | Noticed an orb of fire
 60314 | Zot:5    | Reached skill level 19 in Dodging
 60332 | Zot:5    | Noticed an orb of fire
 60402 | Zot:5    | Killed an orb of fire
 60700 | Zot:5    | Killed an orb of fire
 60752 | Zot:5    | Reached skill level 20 in Dodging
 60965 | Zot:5    | Noticed an orb of fire
 61018 | Zot:5    | Killed an orb of fire
 61107 | Zot:5    | Reached XP level 27. HP: 188/224 MP: 21/36
 61156 | Zot:5    | Got the Orb of Zot
 61932 | D:4      | Noticed Jehef the pandemonium lord
 61980 | D:4      | Killed Jehef the pandemonium lord
 61980 | D:4      | Reached skill level 21 in Dodging
 62059 | D:1      | Bought the +8 orange crystal plate armour {Archmagi, Int+3 Clar} for 5749 gold pieces
 62082 | D:$      | Escaped with the Orb!

Vault maps used:
D:1:      minmay_arrival_widening_spiral_wide, nrook_mini_backslash
D:2:      uniq_natasha
D:3:      amethyst_overflow_temple_binary, uniq_iyjb
D:4:      elyvilon_altar_4
D:5:      first_bread, serial_shops, shop_coins, shop, minmay_misc_feat_columns
D:6:      lemuel_round_altar, minmay_misc_feat_tiny,
          eino_small_chamber_without_monster, minmay_misc_feat_plants,
          kennysheep_diamond
D:7:      grunt_dithmenos_smoke_and_mirrors, grunt_qazlal_clouds
D:8:      overflow_temple_1_default, serial_shops, kennysheep_mini
D:9:      kennysheep_ambush_hall, kennysheep_little_box, uniq_joseph
D:10:     minmay_lair_entry_grove
D:11:     erik_orc_4, uniq_josephine
D:12:     serial_shops, shop, nicolae_shop_trees, grunt_pizzeria,
          hangedman_decor_clover_reticule, minmay_nine_imps, uniq_sonja
D:13:     fungi_pond_lemuel, lemuel_freeze_loot_1
D:14:     minmay_shoctagon, hangedman_vaults_entry_quadrant_bands,
          minmay_misc_feat_enclosed, hangedman_feature_mirror, uniq_roxanne,
          uniq_urug
D:15:     hangedman_depths_entry_civil_slaughter, grunt_decor_clamped,
          minmay_misc_feat_tower, minmay_orc_keep
Temple:   cyrus_circular_temple
Lair:1:   minivault_11, serial_bayou_shore_a
Lair:2:   st_stairs_13, minmay_lair_oklob_bushes, disabler_island,
          lemuel_fruit_fields, infiniplex_staircase_pool
Lair:3:   shoals_dummy_entry, dummy_snake_entry, lab_entry_generic
Lair:5:   slime_altar_1, portal_ice_cave_entry_pillars_1, grunt_megastairs_1
Lair:6:   hangedman_lair_caniforms_friends, guppyfry_lair_end_dragon,
          small_statue_intersection, bobbens_dragon_lair_wall, uniq_rupert
Shoals:1: argonaut_golden_fleece, serial_shops, nicolae_shop_behind_doors,
          uniq_donald
Shoals:2: lemuel_oklob_altar
Shoals:4: shoals_end_hangedman, shoals_ilsuiw_alternative
Snake:1:  uniq_asterion
Snake:2:  lemuel_fruit_tree
Snake:4:  grunt_snake_rune_spirals, basic_altar, hangedman_snake_corridor_cut
Orc:1:    serial_shops, shop, uniq_nergalle
Orc:2:    grunt_orc_cross, uniq_maurice, uniq_nessos, uniq_snorg
Vaults:1: nicolae_vaults_little_squares_3, hangedman_vaults_corner,
          nicolae_vaults_hallways_thing, hangedman_vaults_corner_blocks,
          grunt_vaults_funneled_arena, v_pattern_5, ontoclasm_vaults_shuriken,
          vaults_room_grunt_arrival_ludios, grunt_vaults_diagonal, v_misc_4,
          v_misc_27, nicolae_vaults_little_squares_4, ontoclasm_vaults_fault,
          vaults_room_semicircle, uniq_aizul
Vaults:2: v_misc_17, v_misc_18, vaults_room_boxed, nicolae_vaults_halls_meeting,
          v_misc_12, vaults_dpeg_doors, nicolae_vaults_circle_grid_a,
          vaults_dpeg_spiral, v_misc_22, hangedman_vaults_locks,
          ontoclasm_vaults_bender, nicolae_vaults_shelves_hall,
          vaults_room_semicircle, serial_shops, shop
Vaults:3: nicolae_vaults_little_squares_5, v_pattern_2,
          vaults_standard_mumra_enter_the_diamond,
          nicolae_vaults_three_branches,
          vaults_standard_mumra_enter_the_diamond, v_rooms_1,
          nicolae_vaults_asterisk, vaults_room_hallway,
          grunt_vaults_hallway_long, vaults_room_fours, vaults_room_fancy_cross,
          nicolae_vaults_statue_guard, serial_shops, nicolae_shop_stone
Vaults:4: vaults_mumra_chevron_long, nicolae_vaults_little_squares_2,
          nicolae_vaults_network_quinsquares, ontoclasm_vaults_tryst,
          hangedman_vaults_slither, vaults_dpeg_cross, hangedman_vaults_nodes,
          v_misc_27, ontoclasm_vaults_claustrophobia, v_pattern_1,
          vaults_mumra_bighexcomb, v_misc_11, v_misc_23, vaults_room_ringed_pool
Vaults:5: uniq_mara
Crypt:2:  mu_enter_wizlab_2, minivault_5, minmay_misc_feat_pillars
Crypt:3:  lightli_unholy_cathedral, tomb_entry_forgotten_bobbens
Depths:1: enter_ziggurat_f, hell_entry, serial_shops, nicolae_shop_waterfront,
          shop, nicolae_shop_behind_doors, nicolae_shop_overgrown_old_shop,
          nicolae_shop_stone, minmay_strange_pillars,
          kennysheep_generic_room_15, grunt_megastairs_2, uniq_sojobo
Depths:2: wad_lake_hut, hell_entry, fountainhead, minmay_staircase_bubble
Depths:3: impenetrable_vault, hell_entry, grunt_decor_resistance, pan_entry,
          minmay_splitting_lines, uniq_margery, uniq_boris
Depths:4: hangedman_cross_cluster, special_room, pf_coc_iceberg, abyss_entry,
          serial_shops, shop, kilobyte_rumbling_trees
Depths:5: grunt_zot_entry_alcove, bh_walls_and_bars, rand_demon_pan_entry_7,
          hell_entry, minmay_curled_crystal, lightli_minifort, uniq_mennas,
          uniq_frederick, uniq_jory
Zot:1:    grunt_megastairs_4
Zot:4:    zot_minivault_5
IceCv:    ice_cave_small_giant
WizLab:   wizlab_iskenderun

Skill      XL: |  1  2  3  4  5  6  7  8  9 10 11 12 13 14 15 16 17 18 19 20 21 22 23 24 25 26 27 |
---------------+----------------------------------------------------------------------------------+-----
Short Blades   | 1 2 3 4 5 7 9 11 13 14 | 14.0
Polearms       | 1 |  1.7
Dodging        | 6 9 11 12 13 16 17 20 21 | 21.0
Stealth        | 1 6 7 10 12 15 16 | 16.5
Evocations     | 3 6 7 11 12 13 14 16 17 19 | 19.3
Slings         | 2 3 |  3.3
Fighting       | 9 12 17 20 | 20.1
Air Magic      | 3 4 |  4.3
Shields        | 2 4 9 13 15 | 15.0
Translocations | 1 |  1.0
Summonings     | 2 |  2.7
Spellcasting   | 4 |  4.9

Action                   |  1- 3 |  4- 6 |  7- 9 | 10-12 | 13-15 | 16-18 | 19-21 | 22-24 | 25-27 || total
-------------------------+-------+-------+-------+-------+-------+-------+-------+-------+-------++-------
Melee: Short sword       |   170 |    51 |       |       |       |       |       |       |       ||   221
       Spear             |       |    64 |       |       |       |       |       |       |       ||    64
       Rapier            |       |    79 |   288 |   812 |  2133 |  2506 |  3109 |  3039 |  2429 || 14395
 Fire: Hunting sling     |       |       |     8 |    21 |    58 |       |       |       |       ||    87
Throw: Stone             |     6 |     4 |       |       |       |       |       |       |       ||    10
       Throwing net      |       |       |       |     1 |       |       |       |       |       ||     1
 Cast: Repel Missiles    |       |       |       |       |     1 |    17 |       |     2 |       ||    20
       Apportation       |       |       |       |       |       |    10 |       |     1 |     1 ||    12
Invok: Call Merchant     |       |       |       |     1 |     1 |     2 |     1 |     2 |     1 ||     8
       Potion Petition   |       |       |       |     1 |       |     2 |       |     1 |     3 ||     7
 Abil: Evoke Flight      |       |       |       |       |       |    38 |       |       |       ||    38
       Evoke Invisibilit |       |       |       |       |       |       |     3 |    16 |       ||    19
Evoke: Wand              |     6 |     1 |    14 |    78 |    23 |    74 |    24 |    23 |    14 ||   257
       Lamp of fire      |       |       |       |     1 |     4 |     6 |     1 |     4 |       ||    16
       Fan of gales      |       |       |       |       |     1 |     7 |     1 |       |       ||     9
       Phial of floods   |       |       |       |       |     1 |     5 |       |       |       ||     6
       Sack of spiders   |       |       |       |       |     1 |     1 |       |       |       ||     2
       Lightning rod     |       |       |       |       |       |    18 |    10 |    19 |     1 ||    48
  Use: Scroll            |     3 |     2 |     4 |    16 |    12 |    25 |    10 |    17 |     8 ||    97
 Stab: Distracted        |       |       |     2 |     2 |    29 |    26 |    37 |    42 |    32 ||   170
       Paralysed         |       |       |     2 |     1 |       |       |       |       |       ||     3
       Sleeping          |       |       |       |     6 |    26 |    30 |    66 |    29 |    10 ||   167
       Held in net/web   |       |       |       |     1 |       |       |       |       |     2 ||     3
       Petrifying        |       |       |       |       |     1 |       |       |       |       ||     1
       Petrified         |       |       |       |       |     1 |       |       |       |       ||     1
       Confused          |       |       |       |       |     2 |     4 |     4 |     3 |     2 ||    15
       Invisible         |       |       |       |       |       |       |     7 |    35 |       ||    42
Armor: Leather armour    |    23 |       |       |    61 |   148 |   148 |     9 |       |       ||   389
       Ring mail         |    34 |    49 |     6 |       |       |       |    10 |       |       ||    99
       Scale mail        |       |       |    47 |    47 |       |       |    75 |   135 |   143 ||   447
Dodge: Dodged            |    78 |    69 |    63 |   178 |   817 |   875 |   508 |   658 |   574 ||  3820
       Deflected         |       |       |       |       |     1 |    34 |     1 |     2 |       ||    38
Block: Other             |       |       |     1 |    20 |       |       |       |       |       ||    21
       Reflection        |       |       |     1 |     1 |       |       |    74 |    94 |    32 ||   202
       Buckler           |       |       |       |       |     8 |   179 |       |       |       ||   187
       Shield            |       |       |       |       |       |   417 |  1193 |  1331 |  1086 ||  4027
